Little Stars vs Moose
Created - November 17, 2024 at 21:05
Goals
|
| Little Stars |
0 |
6 |
0 |
6 |
| Moose |
1 |
1 |
1 |
3 |
|
Shots
|
| Little Stars |
6 |
17 |
7 |
30 |
| Moose |
16 |
12 |
7 |
35 |
|
1st period
1. Moose , Julien Gauthier 2 (Nick Paul 8, Jake Leschyshyn 7) at 13:35 (PP)
Penalties :
Daniel O'regan (Tex) for Holding (Minor) at 13:32, Jake Leschyshyn (Man) for Delaying the game (Minor) at 18:25
2nd period
2. Little Stars , Matt Luff 6 (Shane Gersich 9, Samuel Girard 12) at 4:51
3. Little Stars , Shane Gersich 6 (Daniel O'regan 13, Ville Pokka 3) at 4:59
4. Little Stars , Jonathan Dahlen 3 (Filip Chytil 5) at 6:18
5. Little Stars , Daniel O'regan 7 (Shane Gersich 10, Matt Luff 4) at 7:55
6. Little Stars , Shane Gersich 7 (Daniel O'regan 14, Matt Luff 5) at 9:14
7. Little Stars , Jonathan Dahlen 4 (Tucker Poolman 4) at 12:20
8. Moose , Lukas Rousek 3 (Josh Mahura 3, Anders Bjork 7) at 15:58
Penalties :
Juuso Valimaki (Man) for Holding (Minor) at 10:09, Vinni Lettieri (Man) for Fighting (Major) at 14:17, Connor Mackey (Tex) for Fighting (Major) at 14:17, Emile Poirier (Tex) for Cross-checking (Minor) at 17:50
3rd period
9. Moose , Chase De Leo 3 (Josh Mahura 4, Jake Leschyshyn 8) at 7:25
Penalties :
Ludwig Bystrom (Man) for High sticking (Minor) at 8:12
Goalie Stats
Danil Tarasov (Tex), 32 saves from 35 shots - (0.914), W, 4-5-0, 60:00 minutes
Filip Gustavsson (Man), 15 saves from 19 shots - (0.789), L, 4-6-1, 27:55 minutes
Daniel Vladar (Man), 9 saves from 11 shots - (0.818), 32:05 minutes
Players Stats for Little Stars
Player Name G A P +/- PIM S H SB GA TA FO MP PP MP PK MP
------------------------------------------------------------------------------------
Aidan Mcdonough 0 0 0 -1 0 0 1 0 0 0 0/0 7:45 0:00 0:05
Cal Burke 0 0 0 0 0 0 0 1 0 0 0/1 12:05 0:00 0:00
Connor Mackey 0 0 0 1 5 3 1 0 0 0 0/0 12:07 0:00 0:13
Daniel O'regan 1 2 3 4 2 6 2 0 0 1 9/24 21:33 3:22 1:03
Emile Poirier 0 0 0 0 2 1 1 2 0 0 1/2 17:41 2:34 0:03
Filip Chytil 0 1 1 1 0 2 1 0 0 0 3/7 12:48 0:01 0:30
Jason Dickinson 0 0 0 0 0 2 4 0 1 0 7/12 18:05 2:34 0:26
Joey Anderson 0 0 0 0 0 0 1 0 0 0 0/0 7:43 0:01 0:00
Jonathan Dahlen 2 0 2 1 0 7 3 1 0 0 0/0 13:09 0:01 0:51
Justin Auger 0 0 0 0 0 2 0 1 0 0 0/0 17:29 2:34 0:00
Lawrence Pilut 0 0 0 1 0 0 0 0 0 0 0/0 12:37 0:00 0:00
Matt Luff 1 2 3 4 0 2 3 0 1 0 3/3 20:31 3:22 0:00
Radel Fazleev 0 0 0 -1 0 1 0 0 0 0 1/1 7:30 0:00 0:00
Reece Willcox 0 0 0 1 0 2 2 2 0 1 0/0 27:36 3:17 1:07
Samuel Girard 0 1 1 1 0 0 1 2 1 2 0/0 26:54 3:17 1:07
Shane Gersich 2 2 4 4 0 2 0 0 1 0 1/2 21:37 3:22 1:06
Tucker Poolman 0 1 1 2 0 0 2 1 1 1 0/0 20:29 2:40 0:55
Ville Pokka 0 1 1 2 0 0 2 0 0 0 0/0 20:29 2:40 0:55
Players Stats for Moose
Player Name G A P +/- PIM S H SB GA TA FO MP PP MP PK MP
------------------------------------------------------------------------------------
Anders Bjork 0 1 1 -1 0 4 5 0 0 0 0/0 17:41 0:54 2:26
Boris Katchouk 0 0 0 0 0 4 1 1 0 0 0/0 13:47 0:46 0:00
Caleb Jones 0 0 0 -2 0 2 0 2 0 1 0/0 20:00 0:40 2:24
Chase De Leo 1 0 1 -2 0 4 3 0 1 0 11/24 21:09 0:54 3:29
Jake Leschyshyn 0 2 2 -2 2 4 2 0 0 2 7/10 18:24 0:53 2:04
Jaret Anderson-Dolan 0 0 0 0 0 0 5 0 0 0 3/5 11:36 0:00 2:01
Joey Keane 0 0 0 2 0 1 1 0 0 1 0/0 15:12 0:00 2:05
Josh Mahura 0 2 2 2 0 0 0 2 0 0 0/0 12:55 0:00 0:00
Julien Gauthier 1 0 1 -2 0 4 0 0 0 0 0/1 17:11 0:58 0:00
Juuso Valimaki 0 0 0 -3 2 1 0 1 1 0 0/0 19:20 0:40 1:23
Kieffer Bellows 0 0 0 0 0 0 0 0 0 0 0/1 12:05 0:09 0:00
Kristian Vesalainen 0 0 0 0 0 0 0 0 0 0 0/0 8:39 0:00 0:00
Ludwig Bystrom 0 0 0 -4 2 1 4 1 1 0 0/0 25:50 1:22 2:29
Lukas Rousek 1 0 1 0 0 3 0 0 0 0 0/0 8:39 0:00 0:00
Matthew Benning 0 0 0 -4 0 2 4 1 1 0 0/0 26:53 1:22 3:33
Mitchell Stephens 0 0 0 0 0 2 0 0 0 0 4/7 12:57 0:00 0:44
Nick Paul 0 1 1 -3 0 3 0 0 1 1 0/2 18:11 1:08 1:10
Vinni Lettieri 0 0 0 -1 5 0 0 0 0 0 2/2 13:30 0:24 0:00
3 Stars
1 - Shane Gersich (Tex)
2 - Matt Luff (Tex)
3 - Daniel O'regan (Tex)
Power Play
Little Stars - 0 on 3 Attempt(s) - 0.00%
Moose - 1 on 2 Attempt(s) - 50.00%
Penalty Kill
Little Stars - 1 on 2 Attempt(s) - 50.00%
- Score 0 goal in Penalty Kill
Moose - 3 on 3 Attempt(s) - 100.00%
- Score 0 goal in Penalty Kill
Team Stat
Little Stars - Hits : 24 - Faceoff Wins : 25 - Blocked Shots : 10 - Penalty Minutes : 9
Moose - Hits : 25 - Faceoff Wins : 27 - Blocked Shots : 8 - Penalty Minutes : 11
Official
Referees : TJ Luxmore and Furman South
Linesman : Andrew Smith and Jonny Murray
Game Notes
4:51 of 2nd period - Little Stars goal is going for a video replay. After video review, Goal.
Daniel Vladar enters game at 7:55 of 2nd period
Vinni Lettieri and Connor Mackey fight to a draw at 14:17 of 2nd period
Finance
Level 1 -- Attendance: 1958 (97.90%) -- Ticket Income $137,060
Level 2 -- Attendance: 948 (94.80%) -- Ticket Income $37,920
Total Attendance: 2906 (96.87%)
Total Ticket Income: $174,980
Other Income: $8,749
Total Income: $183,729
Little Stars
5 vs 5 Forward
Center Left Wing Right Wing Time % Phy DF OF
1 Daniel O'regan Shane Gersich Matt Luff 40 1 2 2
2 Jason Dickinson Emile Poirier Justin Auger 30 1 2 2
3 Filip Chytil Jonathan Dahlen Cal Burke 20 1 2 2
4 Radel Fazleev Aidan Mcdonough Joey Anderson 10 1 2 2
5 vs 5 Defense
Defense Defense Time % Phy DF OF
1 Reece Willcox Samuel Girard 40 1 2 2
2 Tucker Poolman Ville Pokka 30 1 2 2
3 Connor Mackey Lawrence Pilut 20 1 2 2
4 Reece Willcox Samuel Girard 10 1 2 2
PowerPlay Forward
Center Left Wing Right Wing Time % Phy DF OF
1 Daniel O'regan Shane Gersich Matt Luff 60 0 2 3
2 Jason Dickinson Emile Poirier Justin Auger 40 0 2 3
PowerPlay Defense
Defense Defense Time % Phy DF OF
1 Reece Willcox Samuel Girard 60 1 2 2
2 Tucker Poolman Ville Pokka 40 1 2 2
Penalty Kill 4 Players Forward
Center Wing Time % Phy DF OF
1 Daniel O'regan Shane Gersich 60 1 2 2
2 Jason Dickinson Emile Poirier 40 1 2 2
Penalty Kill 4 Players Defense
Defense Defense Time % Phy DF OF
1 Reece Willcox Samuel Girard 60 0 3 2
2 Tucker Poolman Ville Pokka 40 0 3 2
Penalty Kill - 3 Players Forward
Forward Time % Phy DF OF
1 Daniel O'regan 60 1 2 2
2 Jason Dickinson 40 1 2 2
Penalty Kill - 3 Players Defense
Defense Defense Time % Phy DF OF
1 Reece Willcox Samuel Girard 60 0 3 2
2 Tucker Poolman Ville Pokka 40 0 3 2
4 vs 4 Forward
Center Wing Time % Phy DF OF
1 Daniel O'regan Shane Gersich 60 0 2 3
2 Jason Dickinson Emile Poirier 40 0 2 3
4 vs 4 Defense
Defense Defense Time % Phy DF OF
1 Reece Willcox Samuel Girard 60 1 2 2
2 Tucker Poolman Ville Pokka 40 1 2 2
Last Minutes Offensive
Center Left Wing Right Wing Defense Defense
Daniel O'regan Shane Gersich Matt Luff Reece Willcox Samuel Girard
Last Minutes Defensive
Center Left Wing Right Wing Defense Defense
Daniel O'regan Shane Gersich Matt Luff Reece Willcox Samuel Girard
Goaltenders
Starting : Danil Tarasov
Backup : Ilya Konovalov
Extra Forwards
Normal : Emile Poirier, Justin Auger, Filip Chytil - PP : Emile Poirier, Justin Auger - PK : Emile Poirier
Extra Defensemen
Normal : Ville Pokka, Connor Mackey, Lawrence Pilut - PP : Ville Pokka - PK : Ville Pokka, Connor Mackey
Penalty Shots
Daniel O'regan, Matt Luff, Shane Gersich, Jason Dickinson, Emile Poirier
Custom OT Lines Forwards
Daniel O'regan, Matt Luff, Shane Gersich, Jason Dickinson, Emile Poirier, Justin Auger, Filip Chytil, Radel Fazleev, Jonathan Dahlen, Aidan Mcdonough
Custom OT Lines Defensemen
Reece Willcox, Samuel Girard, Tucker Poolman, Ville Pokka, Connor Mackey
Scratches
Jack McBain (Healthy), Jean-Christophe Beaudin (Healthy), Rudolfs Balcers (Healthy), Yakov Trenin (Healthy), Givani Smith (Healthy)
Blade Jenkins (Healthy), Bulat Shafigullin (Healthy), Victor Soderstrom (Healthy), Rhett Pitlick (Healthy), Michael Giugovaz (Healthy)
Moose
5 vs 5 Forward
Center Left Wing Right Wing Time % Phy DF OF
1 Chase De Leo Nick Paul Julien Gauthier 40 1 2 2
2 Jake Leschyshyn Anders Bjork Vinni Lettieri 30 1 2 2
3 Mitchell Stephens Boris Katchouk Kieffer Bellows 20 1 2 2
4 Jaret Anderson-Dolan Kristian Vesalainen Lukas Rousek 10 1 2 2
5 vs 5 Defense
Defense Defense Time % Phy DF OF
1 Ludwig Bystrom Matthew Benning 40 1 2 2
2 Juuso Valimaki Caleb Jones 30 1 2 2
3 Josh Mahura Joey Keane 20 1 2 2
4 Ludwig Bystrom Matthew Benning 10 1 2 2
PowerPlay Forward
Center Left Wing Right Wing Time % Phy DF OF
1 Jake Leschyshyn Nick Paul Julien Gauthier 60 1 2 2
2 Chase De Leo Anders Bjork Vinni Lettieri 40 1 2 2
PowerPlay Defense
Defense Defense Time % Phy DF OF
1 Ludwig Bystrom Matthew Benning 60 1 2 2
2 Juuso Valimaki Caleb Jones 40 1 2 2
Penalty Kill 4 Players Forward
Center Wing Time % Phy DF OF
1 Jake Leschyshyn Chase De Leo 60 1 2 2
2 Nick Paul Anders Bjork 40 1 2 2
Penalty Kill 4 Players Defense
Defense Defense Time % Phy DF OF
1 Ludwig Bystrom Matthew Benning 60 1 2 2
2 Juuso Valimaki Caleb Jones 40 1 2 2
Penalty Kill - 3 Players Forward
Forward Time % Phy DF OF
1 Jake Leschyshyn 60 1 2 2
2 Chase De Leo 40 1 2 2
Penalty Kill - 3 Players Defense
Defense Defense Time % Phy DF OF
1 Ludwig Bystrom Matthew Benning 60 1 2 2
2 Juuso Valimaki Caleb Jones 40 1 2 2
4 vs 4 Forward
Center Wing Time % Phy DF OF
1 Jake Leschyshyn Chase De Leo 60 1 2 2
2 Nick Paul Anders Bjork 40 1 2 2
4 vs 4 Defense
Defense Defense Time % Phy DF OF
1 Ludwig Bystrom Matthew Benning 60 1 2 2
2 Juuso Valimaki Caleb Jones 40 1 2 2
Last Minutes Offensive
Center Left Wing Right Wing Defense Defense
Jake Leschyshyn Nick Paul Julien Gauthier Ludwig Bystrom Matthew Benning
Last Minutes Defensive
Center Left Wing Right Wing Defense Defense
Chase De Leo Nick Paul Julien Gauthier Ludwig Bystrom Matthew Benning
Goaltenders
Starting : Filip Gustavsson
Backup : Daniel Vladar
Extra Forwards
Normal : Julien Gauthier, Boris Katchouk, Jake Leschyshyn - PP : Jake Leschyshyn, Boris Katchouk - PK : Jake Leschyshyn
Extra Defensemen
Normal : Josh Mahura, Joey Keane, Juuso Valimaki - PP : Josh Mahura - PK : Joey Keane, Juuso Valimaki
Penalty Shots
Jake Leschyshyn, Chase De Leo, Nick Paul, Anders Bjork, Julien Gauthier
Custom OT Lines Forwards
Jake Leschyshyn, Chase De Leo, Nick Paul, Anders Bjork, Julien Gauthier, Vinni Lettieri, Boris Katchouk, Kieffer Bellows, Mitchell Stephens, Lukas Rousek
Custom OT Lines Defensemen
Ludwig Bystrom, Matthew Benning, Juuso Valimaki, Caleb Jones, Josh Mahura
Scratches
Riley Damiani (Healthy), Alexander Khovanov (Healthy), Nelson Nogier (Healthy), Adam Ginning (Healthy), Jonny Tychonick (Healthy)
Max Jones (Healthy), Nathan Bastian (Healthy), William Bitten (Healthy), Jonatan Berggren (Healthy), Juuso Parssinen (Healthy)
Joey Daccord (Healthy), Karel Vejmelka (Healthy)
% Time on Ice - Little Stars
Lines # - Real PCT - Wanted PCT - Time Play
Normal Forward
1 - 33% - 40% - 17:21
2 - 29% - 30% - 15:05
3 - 23% - 20% - 12:05
4 - 14% - 10% - 7:30
Normal Defense
1 - 39% - 40% - 20:10
2 - 32% - 30% - 16:54
3 - 24% - 20% - 12:37
4 - 4% - 10% - 2:20
PP Forward
1 - 57% - 60% - 3:23
2 - 43% - 40% - 2:34
PP Defense
1 - 55% - 60% - 3:17
2 - 45% - 40% - 2:40
PK Forward
1 - 79% - 60% - 1:36
2 - 21% - 40% - 0:26
PK Defense
1 - 55% - 60% - 1:07
2 - 45% - 40% - 0:55
PK3 Forward
1 - 0% - 60%
2 - 0% - 40%
PK3 Defense
1 - 0% - 60%
2 - 0% - 40%
44 Forward
1 - 0% - 60%
2 - 0% - 40%
44 Defense
1 - 0% - 60%
2 - 0% - 40%
Last Minute Offensive - 0:00
Last Minute Defensive - 0:00
Total
Forward - 60:00
Defense - 60:00
|
% Time on Ice - Moose
Lines # - Real PCT - Wanted PCT - Time Play
Normal Forward
1 - 33% - 40% - 17:05
2 - 28% - 30% - 14:21
3 - 23% - 20% - 11:56
4 - 17% - 10% - 8:39
Normal Defense
1 - 38% - 40% - 19:43
2 - 33% - 30% - 17:06
3 - 25% - 20% - 12:55
4 - 4% - 10% - 2:17
PP Forward
1 - 43% - 60% - 0:53
2 - 57% - 40% - 1:09
PP Defense
1 - 67% - 60% - 1:22
2 - 33% - 40% - 0:40
PK Forward
1 - 81% - 60% - 4:49
2 - 19% - 40% - 1:08
PK Defense
1 - 60% - 60% - 3:33
2 - 40% - 40% - 2:24
PK3 Forward
1 - 0% - 60%
2 - 0% - 40%
PK3 Defense
1 - 0% - 60%
2 - 0% - 40%
44 Forward
1 - 0% - 60%
2 - 0% - 40%
44 Defense
1 - 0% - 60%
2 - 0% - 40%
Last Minute Offensive - 0:00
Last Minute Defensive - 0:00
Total
Forward - 60:00
Defense - 60:00
|
Play-by-Play
1st period
0:01 of 1st period - Chase De Leo wins face-off versus Daniel O'regan in neutral zone.
0:33 of 1st period - Off-side.
0:34 of 1st period - Jake Leschyshyn wins face-off versus Jason Dickinson in neutral zone.
0:43 of 1st period - Snap shot by Anders Bjork.
0:43 of 1st period - Shot Misses the Net.
0:45 of 1st period - Slapshot by Caleb Jones.
0:45 of 1st period - Stopped by Danil Tarasov without a rebound.
0:46 of 1st period - Filip Chytil wins face-off versus Kieffer Bellows in Little Stars zone.
0:57 of 1st period - Slapshot by Filip Chytil.
0:57 of 1st period - Shot Misses the Net.
0:59 of 1st period - Slapshot by Connor Mackey.
0:59 of 1st period - Stopped by Filip Gustavsson with a rebound.
1:01 of 1st period - Wrist shot by Filip Chytil.
1:01 of 1st period - Deflect By Jonathan Dahlen.
1:01 of 1st period - Stopped by Filip Gustavsson with a rebound.
1:13 of 1st period - Radel Fazleev is hit by Jaret Anderson-Dolan and loses puck.
1:38 of 1st period - Snap shot by Daniel O'regan.
1:38 of 1st period - Shot Blocked by Caleb Jones.
1:40 of 1st period - Wrist shot by Daniel O'regan.
1:40 of 1st period - Stopped by Filip Gustavsson with a rebound.
1:44 of 1st period - Slapshot by Matt Luff.
1:44 of 1st period - Deflect By Juuso Valimaki.
1:44 of 1st period - Shot Misses the Net.
1:44 of 1st period - Puck is out of play.
1:45 of 1st period - Vinni Lettieri wins face-off versus Jason Dickinson in Moose zone.
1:45 of 1st period - Vinni Lettieri is hit by Jason Dickinson.
1:53 of 1st period - Snap shot by Jake Leschyshyn.
1:53 of 1st period - Shot Misses the Net.
2:11 of 1st period - Shane Gersich is hit by Chase De Leo and loses puck.
2:54 of 1st period - Tucker Poolman is hit by Jaret Anderson-Dolan and loses puck.
3:20 of 1st period - Justin Auger is hit by Anders Bjork.
3:26 of 1st period - Wrist shot by Justin Auger.
3:26 of 1st period - Deflect By Jason Dickinson.
3:26 of 1st period - Shot Blocked by Matthew Benning.
3:26 of 1st period - Puck is out of play.
3:27 of 1st period - Chase De Leo wins face-off versus Shane Gersich in Moose zone.
3:34 of 1st period - Slapshot by Matt Luff.
3:34 of 1st period - Stopped by Filip Gustavsson with a rebound.
4:37 of 1st period - Slapshot by Lukas Rousek.
4:37 of 1st period - Stopped by Danil Tarasov with a rebound.
5:23 of 1st period - Snap shot by Vinni Lettieri.
5:23 of 1st period - Shot Misses the Net.
5:25 of 1st period - Wrist shot by Jake Leschyshyn.
5:25 of 1st period - Shot Blocked by Emile Poirier.
5:37 of 1st period - Wrist shot by Boris Katchouk.
5:37 of 1st period - Stopped by Danil Tarasov without a rebound.
5:38 of 1st period - Filip Chytil wins face-off versus Mitchell Stephens in Little Stars zone.
6:03 of 1st period - Josh Mahura is hit by Matt Luff.
6:27 of 1st period - Snap shot by Vinni Lettieri.
6:27 of 1st period - Shot Misses the Net.
6:50 of 1st period - Joey Anderson is hit by Ludwig Bystrom and loses puck.
7:03 of 1st period - Boris Katchouk is hit by Filip Chytil and loses puck.
7:26 of 1st period - Josh Mahura is hit by Daniel O'regan and loses puck.
7:35 of 1st period - Snap shot by Julien Gauthier.
7:35 of 1st period - Stopped by Danil Tarasov without a rebound.
7:36 of 1st period - Jason Dickinson wins face-off versus Jake Leschyshyn in Little Stars zone.
7:41 of 1st period - Slapshot by Anders Bjork.
7:41 of 1st period - Stopped by Danil Tarasov with a rebound.
8:05 of 1st period - Slapshot by Chase De Leo.
8:05 of 1st period - Stopped by Danil Tarasov with a rebound.
8:07 of 1st period - Slapshot by Caleb Jones.
8:07 of 1st period - Shot Misses the Net.
8:09 of 1st period - Snap shot by Julien Gauthier.
8:09 of 1st period - Shot Misses the Net.
8:11 of 1st period - Wrist shot by Caleb Jones.
8:11 of 1st period - Stopped by Danil Tarasov without a rebound.
8:12 of 1st period - Jason Dickinson wins face-off versus Chase De Leo in Little Stars zone.
8:12 of 1st period - Jason Dickinson is hit by Ludwig Bystrom.
8:38 of 1st period - Daniel O'regan is hit by Anders Bjork and loses puck.
8:59 of 1st period - Filip Chytil is hit by Ludwig Bystrom and loses puck.
9:06 of 1st period - Matthew Benning is hit by Jonathan Dahlen and loses puck.
12:07 of 1st period - Matthew Benning is hit by Aidan Mcdonough and loses puck.
12:31 of 1st period - Slapshot by Lukas Rousek.
12:31 of 1st period - Shot Blocked by Tucker Poolman.
12:33 of 1st period - Slapshot by Juuso Valimaki.
12:33 of 1st period - Stopped by Danil Tarasov without a rebound.
12:34 of 1st period - Jason Dickinson wins face-off versus Jaret Anderson-Dolan in Little Stars zone.
12:39 of 1st period - Caleb Jones is hit by Jason Dickinson and loses puck.
12:56 of 1st period - Snap shot by Emile Poirier.
12:56 of 1st period - Shot Blocked by Josh Mahura.
12:58 of 1st period - Wrist shot by Jason Dickinson.
12:58 of 1st period - Stopped by Filip Gustavsson with a rebound.
13:08 of 1st period - Samuel Girard is hit by Jaret Anderson-Dolan and loses puck.
13:13 of 1st period - Wrist shot by Lukas Rousek.
13:13 of 1st period - Stopped by Danil Tarasov without a rebound.
13:14 of 1st period - Chase De Leo wins face-off versus Daniel O'regan in Little Stars zone.
13:32 of 1st period - Minor Penalty to Daniel O'regan for Holding.
13:33 of 1st period - Jake Leschyshyn wins face-off versus Emile Poirier in Little Stars zone.
13:35 of 1st period - Snap shot by Julien Gauthier.
13:35 of 1st period - Goal by Julien Gauthier - Little Stars : 0 - Moose : 1.
13:36 of 1st period - Daniel O'regan wins face-off versus Chase De Leo in neutral zone.
13:39 of 1st period - Chase De Leo is hit by Reece Willcox and loses puck.
15:02 of 1st period - Snap shot by Shane Gersich.
15:02 of 1st period - Deflect By Daniel O'regan.
15:02 of 1st period - Stopped by Filip Gustavsson with a rebound.
15:36 of 1st period - Backhand shot by Anders Bjork.
15:36 of 1st period - Stopped by Danil Tarasov with a rebound.
15:38 of 1st period - Snap shot by Caleb Jones.
15:38 of 1st period - Deflect By Jake Leschyshyn.
15:38 of 1st period - Stopped by Danil Tarasov without a rebound.
15:39 of 1st period - Jason Dickinson wins face-off versus Chase De Leo in Little Stars zone.
15:39 of 1st period - Jason Dickinson is hit by Ludwig Bystrom.
16:52 of 1st period - Slapshot by Nick Paul.
16:52 of 1st period - Stopped by Danil Tarasov with a rebound.
17:10 of 1st period - Snap shot by Boris Katchouk.
17:10 of 1st period - Stopped by Danil Tarasov without a rebound.
17:11 of 1st period - Vinni Lettieri wins face-off versus Cal Burke in Little Stars zone.
17:26 of 1st period - Snap shot by Jake Leschyshyn.
17:26 of 1st period - Shot Misses the Net.
17:53 of 1st period - Snap shot by Cal Burke.
17:53 of 1st period - Shot Blocked by Josh Mahura.
18:06 of 1st period - Wrist shot by Chase De Leo.
18:06 of 1st period - Shot Blocked by Jonathan Dahlen.
18:08 of 1st period - Slapshot by Joey Keane.
18:08 of 1st period - Stopped by Danil Tarasov with a rebound.
18:10 of 1st period - Slapshot by Julien Gauthier.
18:10 of 1st period - Stopped by Danil Tarasov with a rebound.
18:12 of 1st period - Snap shot by Julien Gauthier.
18:12 of 1st period - Shot Misses the Net.
18:25 of 1st period - Minor Penalty to Jake Leschyshyn for Delaying the game.
18:26 of 1st period - Jaret Anderson-Dolan wins face-off versus Daniel O'regan in Moose zone.
Goals for this period are 0 for Little Stars vs 1 for Moose.
Shots for this period are 6 for Little Stars vs 16 for Moose.
2nd period
0:01 of 2nd period - Jaret Anderson-Dolan wins face-off versus Daniel O'regan in neutral zone.
0:13 of 2nd period - Jaret Anderson-Dolan is hit by Matt Luff and loses puck.
0:25 of 2nd period - Penalty to Jake Leschyshyn is over, Jake Leschyshyn is back on ice.
1:02 of 2nd period - Snap shot by Chase De Leo.
1:02 of 2nd period - Deflect By Jake Leschyshyn.
1:02 of 2nd period - Stopped by Danil Tarasov with a rebound.
1:04 of 2nd period - Slapshot by Matthew Benning.
1:04 of 2nd period - Stopped by Danil Tarasov with a rebound.
1:28 of 2nd period - Slapshot by Chase De Leo.
1:28 of 2nd period - Stopped by Danil Tarasov with a rebound.
1:36 of 2nd period - Snap shot by Jake Leschyshyn.
1:36 of 2nd period - Stopped by Danil Tarasov without a rebound.
1:37 of 2nd period - Daniel O'regan wins face-off versus Mitchell Stephens in Little Stars zone.
1:44 of 2nd period - Slapshot by Daniel O'regan.
1:44 of 2nd period - Stopped by Filip Gustavsson with a rebound.
1:46 of 2nd period - Backhand shot by Tucker Poolman.
1:46 of 2nd period - Shot Blocked by Juuso Valimaki.
1:48 of 2nd period - Wrist shot by Daniel O'regan.
1:48 of 2nd period - Stopped by Filip Gustavsson without a rebound.
1:49 of 2nd period - Mitchell Stephens wins face-off versus Daniel O'regan in Moose zone.
1:54 of 2nd period - Snap shot by Juuso Valimaki.
1:54 of 2nd period - Shot Misses the Net.
3:40 of 2nd period - Backhand shot by Tucker Poolman.
3:40 of 2nd period - Shot Blocked by Ludwig Bystrom.
3:42 of 2nd period - Slapshot by Jonathan Dahlen.
3:42 of 2nd period - Stopped by Filip Gustavsson without a rebound.
3:43 of 2nd period - Daniel O'regan wins face-off versus Jaret Anderson-Dolan in Moose zone.
4:02 of 2nd period - Wrist shot by Julien Gauthier.
4:02 of 2nd period - Stopped by Danil Tarasov without a rebound.
4:03 of 2nd period - Jason Dickinson wins face-off versus Chase De Leo in Little Stars zone.
4:08 of 2nd period - Slapshot by Reece Willcox.
4:08 of 2nd period - Stopped by Filip Gustavsson without a rebound.
4:09 of 2nd period - Emile Poirier wins face-off versus Chase De Leo in Moose zone.
4:14 of 2nd period - Snap shot by Justin Auger.
4:14 of 2nd period - Stopped by Filip Gustavsson with a rebound.
4:24 of 2nd period - Matthew Benning is hit by Jason Dickinson and loses puck.
4:49 of 2nd period - Snap shot by Shane Gersich.
4:49 of 2nd period - Shot Misses the Net.
4:51 of 2nd period - Snap shot by Matt Luff.
4:51 of 2nd period - Little Stars goal is going for a video replay.
4:51 of 2nd period - The goal is good.
4:51 of 2nd period - Goal by Matt Luff - Little Stars : 1 - Moose : 1.
4:52 of 2nd period - Daniel O'regan wins face-off versus Julien Gauthier in neutral zone.
4:59 of 2nd period - Snap shot by Shane Gersich.
4:59 of 2nd period - Goal by Shane Gersich - Little Stars : 2 - Moose : 1.
5:00 of 2nd period - Shane Gersich wins face-off versus Chase De Leo in neutral zone.
5:20 of 2nd period - Samuel Girard is hit by Matthew Benning and loses puck.
5:37 of 2nd period - Slapshot by Ludwig Bystrom.
5:37 of 2nd period - Shot Misses the Net.
5:39 of 2nd period - Slapshot by Mitchell Stephens.
5:39 of 2nd period - Shot Blocked by Reece Willcox.
5:41 of 2nd period - Snap shot by Ludwig Bystrom.
5:41 of 2nd period - Shot Misses the Net.
6:18 of 2nd period - Snap shot by Jonathan Dahlen.
6:18 of 2nd period - Goal by Jonathan Dahlen - Little Stars : 3 - Moose : 1.
6:19 of 2nd period - Jason Dickinson wins face-off versus Chase De Leo in neutral zone.
6:22 of 2nd period - Slapshot by Tucker Poolman.
6:22 of 2nd period - Deflect By Jason Dickinson.
6:22 of 2nd period - Stopped by Filip Gustavsson with a rebound.
6:44 of 2nd period - Tucker Poolman is hit by Anders Bjork.
7:06 of 2nd period - Boris Katchouk is hit by Jonathan Dahlen and loses puck.
7:31 of 2nd period - Ville Pokka is hit by Jaret Anderson-Dolan and loses puck.
7:42 of 2nd period - Joey Keane is hit by Tucker Poolman and loses puck.
7:47 of 2nd period - Wrist shot by Emile Poirier.
7:47 of 2nd period - Stopped by Filip Gustavsson with a rebound.
7:49 of 2nd period - Snap shot by Justin Auger.
7:49 of 2nd period - Stopped by Filip Gustavsson without a rebound.
7:50 of 2nd period - Daniel O'regan wins face-off versus Chase De Leo in Moose zone.
7:51 of 2nd period - Slapshot by Shane Gersich.
7:51 of 2nd period - Deflect By Daniel O'regan.
7:51 of 2nd period - Stopped by Filip Gustavsson without a rebound.
7:52 of 2nd period - Matt Luff wins face-off versus Nick Paul in Moose zone.
7:55 of 2nd period - Wrist shot by Daniel O'regan.
7:55 of 2nd period - Goal by Daniel O'regan - Little Stars : 4 - Moose : 1.
7:55 of 2nd period - Daniel Vladar enters game.
7:56 of 2nd period - Chase De Leo wins face-off versus Daniel O'regan in neutral zone.
8:07 of 2nd period - Snap shot by Chase De Leo.
8:07 of 2nd period - Deflect By Matt Luff.
8:07 of 2nd period - Shot Blocked by Samuel Girard.
8:07 of 2nd period - Puck is out of play.
8:08 of 2nd period - Daniel O'regan wins face-off versus Chase De Leo in Little Stars zone.
8:19 of 2nd period - Snap shot by Shane Gersich.
8:19 of 2nd period - Shot Misses the Net.
8:51 of 2nd period - Icing by Justin Auger.
8:52 of 2nd period - Filip Chytil wins face-off versus Mitchell Stephens in Little Stars zone.
8:56 of 2nd period - Off-side.
8:57 of 2nd period - Mitchell Stephens wins face-off versus Filip Chytil in neutral zone.
9:04 of 2nd period - Wrist shot by Mitchell Stephens.
9:04 of 2nd period - Stopped by Danil Tarasov without a rebound.
9:05 of 2nd period - Matt Luff wins face-off versus Chase De Leo in Little Stars zone.
9:14 of 2nd period - Wrist shot by Shane Gersich.
9:14 of 2nd period - Goal by Shane Gersich - Little Stars : 5 - Moose : 1.
9:15 of 2nd period - Chase De Leo wins face-off versus Daniel O'regan in neutral zone.
9:20 of 2nd period - Wrist shot by Ludwig Bystrom.
9:20 of 2nd period - Deflect By Samuel Girard.
9:20 of 2nd period - Stopped by Danil Tarasov without a rebound.
9:21 of 2nd period - Matt Luff wins face-off versus Chase De Leo in Little Stars zone.
9:29 of 2nd period - Off-side.
9:30 of 2nd period - Chase De Leo wins face-off versus Daniel O'regan in neutral zone.
10:09 of 2nd period - Minor Penalty to Juuso Valimaki for Holding.
10:10 of 2nd period - Jake Leschyshyn wins face-off versus Daniel O'regan in Moose zone.
12:09 of 2nd period - Penalty to Juuso Valimaki is over, Juuso Valimaki is back on ice.
12:15 of 2nd period - Ludwig Bystrom is hit by Joey Anderson and loses puck.
12:20 of 2nd period - Snap shot by Jonathan Dahlen.
12:20 of 2nd period - Goal by Jonathan Dahlen - Little Stars : 6 - Moose : 1.
12:21 of 2nd period - Mitchell Stephens wins face-off versus Filip Chytil in neutral zone.
12:55 of 2nd period - Wrist shot by Chase De Leo.
12:55 of 2nd period - Stopped by Danil Tarasov without a rebound.
12:56 of 2nd period - Jake Leschyshyn wins face-off versus Jason Dickinson in Little Stars zone.
13:03 of 2nd period - Wrist shot by Jake Leschyshyn.
13:03 of 2nd period - Stopped by Danil Tarasov without a rebound.
13:04 of 2nd period - Jake Leschyshyn wins face-off versus Jason Dickinson in Little Stars zone.
13:29 of 2nd period - Samuel Girard is hit by Chase De Leo and loses puck.
14:00 of 2nd period - Snap shot by Boris Katchouk.
14:00 of 2nd period - Stopped by Danil Tarasov with a rebound.
14:16 of 2nd period - Wrist shot by Jonathan Dahlen.
14:16 of 2nd period - Stopped by Daniel Vladar without a rebound.
14:17 of 2nd period - Jake Leschyshyn wins face-off versus Daniel O'regan in Moose zone.
14:17 of 2nd period - Vinni Lettieri and Connor Mackey fight to a draw.
14:17 of 2nd period - Penalty to Vinni Lettieri for Fighting.
14:17 of 2nd period - Penalty to Connor Mackey for Fighting.
14:18 of 2nd period - Chase De Leo wins face-off versus Daniel O'regan in Moose zone.
15:06 of 2nd period - Jaret Anderson-Dolan is hit by Tucker Poolman and loses puck.
15:11 of 2nd period - Snap shot by Jonathan Dahlen.
15:11 of 2nd period - Stopped by Daniel Vladar without a rebound.
15:12 of 2nd period - Daniel O'regan wins face-off versus Chase De Leo in Moose zone.
15:58 of 2nd period - Snap shot by Lukas Rousek.
15:58 of 2nd period - Goal by Lukas Rousek - Little Stars : 6 - Moose : 2.
15:59 of 2nd period - Chase De Leo wins face-off versus Daniel O'regan in neutral zone.
16:09 of 2nd period - Wrist shot by Nick Paul.
16:09 of 2nd period - Shot Blocked by Reece Willcox.
16:25 of 2nd period - Boris Katchouk is hit by Samuel Girard and loses puck.
17:22 of 2nd period - Mitchell Stephens is hit by Ville Pokka and loses puck.
17:50 of 2nd period - Minor Penalty to Emile Poirier for Cross-checking.
17:51 of 2nd period - Daniel O'regan wins face-off versus Jake Leschyshyn in Little Stars zone.
18:07 of 2nd period - Snap shot by Nick Paul.
18:07 of 2nd period - Stopped by Danil Tarasov with a rebound.
18:23 of 2nd period - Shane Gersich is hit by Chase De Leo and loses puck.
19:17 of 2nd period - Penalty to Connor Mackey is over, Connor Mackey is back on ice.
19:39 of 2nd period - Daniel O'regan is hit by Boris Katchouk and loses puck.
19:50 of 2nd period - Penalty to Emile Poirier is over, Emile Poirier is back on ice.
Goals for this period are 6 for Little Stars vs 1 for Moose.
Shots for this period are 17 for Little Stars vs 12 for Moose.
3rd period
0:01 of 3rd period - Chase De Leo wins face-off versus Daniel O'regan in neutral zone.
0:31 of 3rd period - Samuel Girard is hit by Matthew Benning and loses puck.
0:48 of 3rd period - Slapshot by Reece Willcox.
0:48 of 3rd period - Stopped by Daniel Vladar without a rebound.
0:49 of 3rd period - Mitchell Stephens wins face-off versus Filip Chytil in Moose zone.
1:35 of 3rd period - Slapshot by Connor Mackey.
1:35 of 3rd period - Stopped by Daniel Vladar with a rebound.
1:41 of 3rd period - Snap shot by Jason Dickinson.
1:41 of 3rd period - Shot Misses the Net.
1:43 of 3rd period - Snap shot by Connor Mackey.
1:43 of 3rd period - Stopped by Daniel Vladar without a rebound.
1:44 of 3rd period - Chase De Leo wins face-off versus Jason Dickinson in Moose zone.
1:44 of 3rd period - Chase De Leo is hit by Reece Willcox.
1:56 of 3rd period - Wrist shot by Julien Gauthier.
1:56 of 3rd period - Shot Misses the Net.
2:12 of 3rd period - Slapshot by Matthew Benning.
2:12 of 3rd period - Stopped by Danil Tarasov with a rebound.
2:36 of 3rd period - Snap shot by Boris Katchouk.
2:36 of 3rd period - Stopped by Danil Tarasov with a rebound.
3:57 of 3rd period - Wrist shot by Jason Dickinson.
3:57 of 3rd period - Shot Misses the Net.
4:38 of 3rd period - Snap shot by Jonathan Dahlen.
4:38 of 3rd period - Stopped by Daniel Vladar with a rebound.
4:56 of 3rd period - Aidan Mcdonough is hit by Anders Bjork and loses puck.
5:03 of 3rd period - Backhand shot by Anders Bjork.
5:03 of 3rd period - Stopped by Danil Tarasov with a rebound.
5:29 of 3rd period - Icing by Kieffer Bellows.
5:30 of 3rd period - Jaret Anderson-Dolan wins face-off versus Filip Chytil in Moose zone.
6:16 of 3rd period - Wrist shot by Radel Fazleev.
6:16 of 3rd period - Stopped by Daniel Vladar without a rebound.
6:17 of 3rd period - Radel Fazleev wins face-off versus Jake Leschyshyn in Moose zone.
6:51 of 3rd period - Justin Auger is hit by Jake Leschyshyn and loses puck.
7:23 of 3rd period - Slapshot by Josh Mahura.
7:23 of 3rd period - Shot Blocked by Cal Burke.
7:25 of 3rd period - Snap shot by Chase De Leo.
7:25 of 3rd period - Goal by Chase De Leo - Little Stars : 6 - Moose : 3.
7:26 of 3rd period - Daniel O'regan wins face-off versus Chase De Leo in neutral zone.
7:31 of 3rd period - Slapshot by Shane Gersich.
7:31 of 3rd period - Shot Misses the Net.
7:58 of 3rd period - Slapshot by Tucker Poolman.
7:58 of 3rd period - Shot Blocked by Boris Katchouk.
8:00 of 3rd period - Slapshot by Tucker Poolman.
8:00 of 3rd period - Shot Misses the Net.
8:12 of 3rd period - Minor Penalty to Ludwig Bystrom for High sticking.
8:13 of 3rd period - Jake Leschyshyn wins face-off versus Daniel O'regan in Moose zone.
8:46 of 3rd period - Slapshot by Jake Leschyshyn.
8:46 of 3rd period - Shot Blocked by Samuel Girard.
8:48 of 3rd period - Slapshot by Joey Keane.
8:48 of 3rd period - Deflect By Anders Bjork.
8:48 of 3rd period - Shot Misses the Net.
8:48 of 3rd period - Puck is out of play.
8:49 of 3rd period - Jason Dickinson wins face-off versus Nick Paul in Little Stars zone.
9:24 of 3rd period - Joey Keane is hit by Matt Luff and loses puck.
10:12 of 3rd period - Penalty to Ludwig Bystrom is over, Ludwig Bystrom is back on ice.
10:30 of 3rd period - Ludwig Bystrom is hit by Connor Mackey.
10:48 of 3rd period - Wrist shot by Filip Chytil.
10:48 of 3rd period - Stopped by Daniel Vladar with a rebound.
10:50 of 3rd period - Snap shot by Filip Chytil.
10:50 of 3rd period - Stopped by Daniel Vladar with a rebound.
10:52 of 3rd period - Wrist shot by Cal Burke.
10:52 of 3rd period - Shot Misses the Net.
12:20 of 3rd period - Joey Keane is hit by Ville Pokka and loses puck.
12:25 of 3rd period - Snap shot by Radel Fazleev.
12:25 of 3rd period - Shot Misses the Net.
12:43 of 3rd period - Wrist shot by Anders Bjork.
12:43 of 3rd period - Stopped by Danil Tarasov with a rebound.
13:08 of 3rd period - Kristian Vesalainen is hit by Daniel O'regan.
13:14 of 3rd period - Reece Willcox is hit by Matthew Benning and loses puck.
13:47 of 3rd period - Boris Katchouk is hit by Jonathan Dahlen and loses puck.
14:37 of 3rd period - Daniel O'regan is hit by Anders Bjork and loses puck.
14:54 of 3rd period - Aidan Mcdonough is hit by Joey Keane and loses puck.
15:01 of 3rd period - Aidan Mcdonough is hit by Jaret Anderson-Dolan and loses puck.
15:12 of 3rd period - Caleb Jones is hit by Emile Poirier and loses puck.
15:26 of 3rd period - Mitchell Stephens is hit by Jason Dickinson and loses puck.
15:37 of 3rd period - Slapshot by Juuso Valimaki.
15:37 of 3rd period - Shot Misses the Net.
15:39 of 3rd period - Slapshot by Boris Katchouk.
15:39 of 3rd period - Shot Misses the Net.
15:41 of 3rd period - Snap shot by Kieffer Bellows.
15:41 of 3rd period - Shot Misses the Net.
15:43 of 3rd period - Slapshot by Juuso Valimaki.
15:43 of 3rd period - Shot Blocked by Emile Poirier.
15:45 of 3rd period - Slapshot by Juuso Valimaki.
15:45 of 3rd period - Shot Misses the Net.
15:47 of 3rd period - Slapshot by Caleb Jones.
15:47 of 3rd period - Shot Blocked by Justin Auger.
16:01 of 3rd period - Backhand shot by Tucker Poolman.
16:01 of 3rd period - Shot Blocked by Caleb Jones.
16:23 of 3rd period - Snap shot by Justin Auger.
16:23 of 3rd period - Shot Hit the Post.
16:57 of 3rd period - Wrist shot by Mitchell Stephens.
16:57 of 3rd period - Shot Misses the Net.
16:59 of 3rd period - Snap shot by Mitchell Stephens.
16:59 of 3rd period - Stopped by Danil Tarasov without a rebound.
17:00 of 3rd period - Chase De Leo wins face-off versus Daniel O'regan in Little Stars zone.
17:25 of 3rd period - Jonathan Dahlen is hit by Jake Leschyshyn and loses puck.
18:08 of 3rd period - Snap shot by Nick Paul.
18:08 of 3rd period - Stopped by Danil Tarasov with a rebound.
18:58 of 3rd period - Jonathan Dahlen is hit by Matthew Benning and loses puck.
19:35 of 3rd period - Snap shot by Shane Gersich.
19:35 of 3rd period - Shot Misses the Net.
Goals for this period are 0 for Little Stars vs 1 for Moose.
Shots for this period are 7 for Little Stars vs 7 for Moose.